 Dungeon Crawl Stone Soup version 0.20.1-1-g8b1a95d (webtiles) character file.

37 tidbits the Insei (level 3, 0/27 HPs)
             Began as a Demigod Transmuter on Aug 19, 2017.
             Slain by an ooze (2 damage)
             ... on level 3 of the Dungeon.
             The game lasted 00:03:54 (497 turns).

tidbits the Insei (Demigod Transmuter)               Turns: 497, Time: 00:03:54

Health: 0/27       AC:  2    Str: 13    XL:     3   Next: 7%
Magic:  5/8        EV: 12    Int: 19    God:
Gold:   94         SH:  0    Dex: 16    Spells: 2/5 levels left

rFire    . . .     SeeInvis .     - Unarmed
rCold    . . .     Gourm    .   (no shield)
rNeg     . . .     Faith    .   b - +0 robe
rPois    .         Spirit   .   (no helmet)
rElec    .         Reflect  .   (no cloak)
rCorr    .         Harm     .   (no gloves)
MR       .....                  (no boots)
Stlth    +.........             (no amulet)
Regen    0.1/turn               (no ring)
MPRegen  0.2/turn               (no ring)

@: no status effects
A: high mp 1
a: no special abilities


You were on level 3 of the Dungeon.
You were not hungry.

You visited 1 branch of the dungeon, and saw 3 of its levels.

You collected 94 gold pieces.

Inventory:

Missiles
 a - 21 arrows
Armour
 b - a +0 robe (worn)
 f - a +0 buckler
Scrolls
 e - 4 scrolls of identify {unknown}
 h - 2 scrolls of fear {unknown}
Potions
 i - 2 potions of mutation {unknown}
 k - a potion of agility {unknown}
Books
 c - a book of Changes

   Spells                             Type                      Level
   a - Beastly Appendage              Transmutation                1
   b - Sticks to Snakes               Transmutation                2
   c - Spider Form                    Transmutation/Poison         3
   d - Ice Form                       Ice/Transmutation            4
   e - Blade Hands                    Transmutation                5
Comestibles
 d - a bread ration
 g - 2 meat rations
 j - a royal jelly


   Skills:
 - Level 0.8 Fighting
 - Level 1.7 Dodging
 + Level 3.9 Unarmed Combat
 - Level 1.7 Spellcasting
 - Level 1.7 Transmutations


You had 2 spell levels left.
You knew the following spells:

 Your Spells              Type           Power        Failure   Level  Hunger
e - Beastly Appendage     Tmut           #.....       9%          1    #......
k - Sticks to Snakes      Tmut           #.......     13%         2    ###....


Dungeon Overview and Level Annotations

Branches:
Dungeon (3/15)


Innate Abilities, Weirdness & Mutations

You have an increased reservoir of magic. (+10% MP)


Message History

Casting: Beastly Appendage
Confirm with . or Enter, or press ? or * to list all spells.
You grow a pair of large bovine horns.
The orc misses you.
Your ball python misses the orc.
Your ball python closely misses the orc.
You hit the orc.
The orc is heavily wounded.
Your ball python bites the orc.
Your ball python grabs the orc.
Your ball python constricts the orc.
The orc closely misses your ball python.
You hit the orc.
You kill the orc!
The orc hits you with a club.
Your ball python closely misses the orc. x2
You closely miss the orc.
Your ball python bites the orc.
Your ball python barely misses the orc.
The orc barely misses your ball python.
You hit the orc.
The orc is heavily wounded.
Your ball python barely misses the orc.
Your ball python grabs the orc.
Your ball python constricts the orc.
The orc hits your ball python but does no damage.
Your ball python completely misses the orc.
Your ball python constricts the orc.
You punch the orc!
You kill the orc!
Your transformation is almost over.
Things that are here:
a leather armour; an orc corpse
Things that are here:
a club; a leather armour A leopard gecko comes into view.
The leopard gecko hisses angrily.
The orc shouts!
Casting: Beastly Appendage
Confirm with . or Enter, or press ? or * to list all spells.
You extend your transformation's duration.
The leopard gecko closely misses you.
The orc hits you from afar with a trident.
You barely miss the leopard gecko. The leopard gecko barely misses you.
The orc hits you from afar with a trident.
You hit the leopard gecko.
The leopard gecko is moderately wounded.
The leopard gecko misses you.
Your ball python closely misses the orc.
Your ball python barely misses the orc.
You barely miss the leopard gecko. You headbutt the leopard gecko.
You kill the leopard gecko!
You have reached level 3!
Your experience leads to a dramatic increase in your attributes!
Increase (S)trength, (I)ntelligence, or (D)exterity?
You feel clever. x2
The orc hits you from afar with a trident.
Your ball python bites the orc.
Your ball python closely misses the orc.
Your transformation is almost over.
The orc hits you with a trident.
* * * LOW HITPOINT WARNING * * *
Your ball python closely misses the orc.
Your ball python barely misses the orc.
You hit the orc. Your headbutt misses the orc.
The orc is almost dead.
Your ball python bites the orc.
The orc dies!
You barely miss the orc.
Your ball python barely misses the orc.
Your ball python completely misses the orc.
The orc hits you but does no damage.
You hit the orc but do no damage.
Your ball python barely misses the orc.
Your ball python grabs the orc.
Your ball python constricts the orc.
The orc hits you with a short sword.
* * * LOW HITPOINT WARNING * * *
Your magical contamination has completely faded away.
You hit the orc but do no damage. You headbutt the orc, but do no damage.
Your ball python bites the orc.
Your ball python constricts the orc.
The orc hits you with a short sword.
* * * LOW HITPOINT WARNING * * *
Your ball python bites the orc.
Your ball python constricts the orc.
The ooze barely misses you.
You hit the orc but do no damage. You headbutt the orc.
The orc is heavily wounded.
The orc hits you with a short sword!
* * * LOW HITPOINT WARNING * * *
Your ball python bites the orc but does no damage.
Your ball python constricts the orc.
You hit the orc. You headbutt the orc.
You kill the orc!
The ooze closely misses you.
You hit the ooze.
The ooze is heavily wounded.
Your ball python bites the ooze but does no damage.
The ooze hits your ball python.
Your ball python bites the ooze.
You hit the ooze.
You headbutt the ooze, but do no damage.
The ooze is almost dead.
Your horns disappear.
The ooze barely misses you.
Your ball python barely misses the ooze.
You barely miss the ooze.
The ooze is almost dead.
The ooze hits you.
You die...

.....#....%.
.....%##..#
#....##..#
#....$...#
#..##..#
#######))..†#
#......†....#
#.##.#..SJ#.#
#.##.....@#.#
#.......#.#.#
####....#.)[#
#....#...#####
#.##.#..>..†.#
#.##...##<##.#
####.#.#.....#
#......####
#.##...#


You could see an ooze and a friendly ball python.

Vanquished Creatures
  2 oozes
  A leopard gecko (D:3)
  3 orcs (D:3)
  4 bats
  3 goblins
  2 hobgoblins
  3 frilled lizards (D:1)
  6 rats
24 creatures vanquished.

Vanquished Creatures (collateral kills)
  An orc (D:3)
1 creature vanquished.

Grand Total: 25 creatures vanquished

Notes
Turn   | Place    | Note
-------+----------+-------------------------------------------
     0 | D:1      | tidbits the Demigod Transmuter began the quest for the Orb.
     0 | D:1      | Reached XP level 1. HP: 15/15 MP: 5/5
    30 | D:1      | Reached skill level 3 in Unarmed Combat
    64 | D:1      | Reached XP level 2. HP: 16/22 MP: 5/7
    68 | D:1      | Learned a level 2 spell: Sticks to Snakes
   485 | D:3      | Reached XP level 3. HP: 19/27 MP: 3/8
   491 | D:3      | HP: 1/27 [orc/short sword (7)]
   497 | D:3      | Slain by an ooze

Skill      XL: |  1 |
---------------+----+-----
Unarmed Combat | 3 |  3.9
Fighting       | |  0.8
Dodging        | |  1.7
Spellcasting   | |  1.7
Transmutations | |  1.7

Action                   || total
-------------------------++-------
Melee: Unarmed           ||    61
       Kick              ||     4
       Headbutt          ||    10
 Cast: Beastly Appendage ||    15
       Sticks to Snakes  ||     1
 Stab: Sleeping          ||     1
Armor: Robe              ||     3
Dodge: Dodged            ||    28

Table legend:
 A = Turns spent in this place as a percentage of turns spent in the entire game.
 B = Non-inter-level travel turns spent in this place as a percentage of non-inter-level travel turns spent in the entire game.
 C = Inter-level travel turns spent in this place as a percentage of turns spent in this place.
 D = Turns resting spent in this place as a percentage of non-inter-level travel turns spent in this place.
 E = Turns spent auto-exploring this place as a percentage of non-inter-level travel turns spent in this place.
 F = Non-inter-level travel turns spent in this place divided by the number of levels of this place that you've seen.
                   A       B       C       D       E      F
               +-------+-------+-------+-------+-------+----------------------
         Total | 100.0 | 100.0 |   0.2 |   0.0 |   0.0 | 151.0
       Dungeon | 100.0 | 100.0 |   0.2 |   0.0 |   0.0 | 151.0
               +-------+-------+-------+-------+-------+----------------------

Table legend:
 A = Kills in this place as a percentage of kills in entire the game.
 B = Kills by you in this place as a percentage of kills by you in the entire game.
 C = Kills by friends in this place as a percentage of kills by friends in the entire game.
 D = Other kills in this place as a percentage of other kills in the entire game.
 E = Experience gained in this place as a percentage of experience gained in the entire game.
 F = Experience gained in this place divided by the number of levels of this place that you have seen.
                   A       B       C       D       E      F
               +-------+-------+-------+-------+-------+----------------------
         Total | 100.0 | 100.0 | 100.0 |  -nan | 100.0 |  17.7
       Dungeon | 100.0 | 100.0 | 100.0 |  -nan | 100.0 |  17.7
               +-------+-------+-------+-------+-------+----------------------

Vault maps used:
D:1:      onia_arrival_handbag
D:2:      first_bread
D:3:      gammafunk_wand_slinger, nicolae_overflow_crystal_walls
